 Dungeon Crawl Stone Soup version 0.29-a0-243-g602b31c20e (webtiles) character file.

Game seed: 4552322844892564371

94 garek482 the Skirmisher (level 4, -2/40 HPs)
             Began as a Draconian Berserker on Mar 4, 2022.
             Was a Believer of Trog.
             Slain by a yak (13 damage)
             ... on level 4 of the Dungeon.
             The game lasted 00:30:39 (2998 turns).

garek482 the Skirmisher (Draconian Berserker)       Turns: 2998, Time: 00:30:40

Health: -2/40      AC:  5    Str: 21    XL:     4   Next: 38%
Magic:  4/4        EV: 12    Int: 11    God:    Trog [**....]
Gold:   127        SH:  0    Dex: 10    Spells: 3/3 levels left

rFire   + + .      SeeInvis .   a - +0 falchion
rCold   x . .      Faith    .   (no shield)
rNeg    . . .      Spirit   .   (body armour unavailable)
rPois   .          Reflect  .   (helmet restricted)
rElec   .          Harm     .   (no cloak)
rCorr   .          Rampage  .   (no gloves)
Will    .....                   (no boots)
Stlth   +.........              s - amulet of Salvation {RegenMP +Blink Int+3}
HPRegen 0.13/turn               i - ring of fire
MPRegen 0.49/turn               C - ring of protection from fire

@: no status effects
A: AC +5, unfitting armour, cold-blooded
a: Renounce Religion, Evoke Blink, Berserk, Trog's Hand


You were on level 4 of the Dungeon.
You worshipped Trog.
Trog was pleased with you.
You visited 1 branch of the dungeon, and saw 4 of its levels.

You collected 163 gold pieces.
You spent 36 gold pieces at shops.

Inventory:

Hand Weapons
 a - a +0 falchion (weapon)
 b - a +0 dagger
 d - a +0 hand axe
 f - a +0 club
 g - a +0 dagger
 j - a +0 short sword
 m - a +0 club
 n - a +0 short sword
 o - a +0 short sword
 q - a +0 dagger
 r - a +0 dagger
 t - a +0 falchion
 y - a +0 whip
 A - a +0 dagger
 F - a +0 rapier
 I - a +0 flail
Missiles
 e - 5 silver boomerangs (quivered)
 h - 87 stones
Armour
 l - a +0 robe
 w - a +0 barding
 B - a +0 leather armour
 E - a +0 chain mail
 H - a +0 pair of gloves
Magical Staves
 G - a staff of death
Jewellery
 i - a ring of fire (left hand)
 s - the amulet of Salvation (around neck) {RegenMP +Blink Int+3}
   (You found it on level 2 of the Dungeon)

   [amulet of magic regeneration]

   It increases your rate of magic regeneration.
   Int:       It affects your intelligence (+3).
   +Blink:    It lets you blink.
 x - a ring of fire
 C - a ring of protection from fire (right hand)
Potions
 c - a potion of brilliance {unknown}
 k - 2 potions of cancellation
 p - a potion of magic {unknown}
 u - a potion of degeneration {unknown}
 v - a potion of lignification {unknown}
 z - a potion of curing
 D - 2 potions of mutation {unknown}


   Skills:
 + Level 3.8 Fighting
 + Level 3.8 Long Blades
 + Level 1.3 Throwing
 + Level 3.4 Dodging


You had 3 spell levels left.
You didn't know any spells.
Your spell library was empty.

Dungeon Overview and Level Annotations

Branches:
Dungeon (4/15)
 Temple: D:4-7

Altars:
Zin

Shops:
D:2 !


Innate Abilities, Weirdness & Mutations

Your plain brown scales are hard. (AC +5)
You cannot fit into any form of body armour.
You are cold-blooded and may be slowed by cold attacks.


Message History

The silver boomerang closely misses the giant cockroach.
The silver boomerang completely misses the yak.
The silver boomerang hits the yak.
The yak is lightly wounded.
A goblin comes into view. It is wielding a +0 dagger.
The giant cockroach misses you.
You completely miss the giant cockroach.
The giant cockroach is heavily wounded.
The giant cockroach closely misses you.
The goblin shouts!
You hit the giant cockroach.
You kill the giant cockroach!
Trog accepts your kill.
You hit the yak but do no damage.
The yak is lightly wounded.
A shadow imp comes into view.
The yak gores you!
You closely miss the yak.
The yak is lightly wounded.
The shadow imp shouts!
The yak gores you.
You hit the yak but do no damage.
You tail-slap the yak, but do no damage.
The yak is lightly wounded.
You hit the yak.
The yak is lightly wounded.
You completely miss the yak.
The yak is lightly wounded.
The yak gores you. x2
You hit the yak.
Your tail-slap misses the yak.
The yak is moderately wounded.
You hit the yak.
The yak is lightly wounded.
The goblin hits you but does no damage. The yak gores you!
* * * LOW HITPOINT WARNING * * *
The yak gores you but does no damage.
You hit the yak but do no damage.
The yak is lightly wounded.
The yak gores you!
You die...

..... .. ....
.. ...##.# ..
$(...## ..
.....###.
5YY.. .
###Y#.#.##
#.Y@#g#..###.
#.##Y....>...
# #.........
#.........
#.........
######.##. .#
.. .


You could see 5 yaks and a shadow imp.

Vanquished Creatures
  3 adders
  An adder skeleton (D:3)
  3 orcs (D:3)
  4 endoplasms
  3 giant cockroaches
  6 goblins
  3 hobgoblins
  4 jackals (D:2)
  7 kobolds
  4 quokkas
  6 ball pythons
  3 bats
  3 frilled lizards
  A giant cockroach zombie (D:3)
  6 rats
57 creatures vanquished.

Vanquished Creatures (others)
  2 plants (D:1)
  6 withered plants (D:3)
8 creatures vanquished.

Grand Total: 65 creatures vanquished

Notes
Turn   | Place    | Note
-------+----------+-------------------------------------------
     0 | D:1      | garek482 the Draconian Berserker began the quest for the
                  | Orb.
     0 | D:1      | Reached XP level 1. HP: 19/19 MP: 1/1
   452 | D:1      | Reached XP level 2. HP: 26/26 MP: 2/2
   848 | D:1      | Found a faded altar of an unknown god.
  1293 | D:2      | Found a glowing silver altar of Zin.
  1420 | D:2      | Reached XP level 3. HP: 27/31 MP: 3/3
  1449 | D:2      | Identified the amulet of Salvation {RegenMP +Blink Int+3}
  1904 | D:2      | Found Legig's Distillery.
  1913 | D:2      | Bought a potion of curing for 36 gold pieces
  2270 | D:3      | Reached XP level 4. HP: 36/40 MP: 4/4
  2339 | D:3      | Reached ** piety under Trog
  2340 | D:3      | Reached skill level 1 in Throwing
  2983 | D:4      | Noticed a yak
  2984 | D:4      | Noticed a yak
  2984 | D:4      | Noticed a yak
  2984 | D:4      | Noticed a yak
  2985 | D:4      | Noticed a yak
  2986 | D:4      | Noticed a yak
  2998 | D:4      | Slain by a yak

Illustrated notes

Levels and vault maps discovered:
D:1:      psy_arrival_fountain, layout_loops_corners,
          shapermc_ecumenical_altar_totnotflames
D:2:      layout_loops_cross, basic_altar, serial_shops,
          nicolae_shop_hallway_stairs, minmay_misc_feat_hallway,
          minmay_misc_feat_plants, minmay_tetromino_o4, uniq_crazy_yiuf_cottage
D:3:      layout_basic, serial_undead, serial_undead_b, serial_undead_d,
          serial_undead_a, serial_undead_b
D:4:      layout_rooms, minmay_temple_entry_gardened_gates

Skill      XL: |  1  2  3  4 |
---------------+-------------+-----
Dodging        | 3 |  3.4
Throwing       | 1 |  1.3
Fighting       | |  3.8
Long Blades    | |  3.8

Action                   |  1- 3 |  4- 6 || total
-------------------------+-------+-------++-------
Melee: Falchion          |   122 |    51 ||   173
       Tailslap          |    11 |     6 ||    17
       Punch             |       |     1 ||     1
Throw: Boomerang         |    38 |    18 ||    56
Invok: Berserk           |     2 |       ||     2
       Trog's Hand       |       |     1 ||     1
  Use: Scroll            |     3 |     1 ||     4
Armor: Skin              |    39 |     9 ||    48
Dodge: Dodged            |    76 |    11 ||    87

Table legend: (Time is in decaauts)
 A = Elapsed time spent in this place.
 B = Non-inter-level travel time spent in this place.
 C = Inter-level travel time spent in this place.
 D = Time resting spent in this place.
 E = Time spent auto-exploring this place.
 F = Levels seen in this place.
 G = Mean time per level.
                   A        B        C        D        E       F      G
               +--------+--------+--------+--------+--------+-----+--------+
         Total |   3058 |   1019 |   2039 |    375 |      0 |   4 |  764.5 |
       Dungeon |   3058 |   1019 |   2039 |    375 |      0 |   4 |  764.5 |
               +--------+--------+--------+--------+--------+-----+--------+

Top non-repeatable levels by time:
     D:1: 1305 daAuts
     D:3: 874 daAuts
     D:2: 861 daAuts
     D:4: 17 daAuts
